3AAA
BALBOA BUCCANEERS @ MILTON BILLS
07/07/2018
 
TOP OF THE 1ST
Balboa Buccaneers batting - Pitching for Milton Bills : RHP Paul O'Callahan
Pitching: RHP Paul O'Callahan
Batting: RHB Leonard James 0-0: Ball
1-0: Swinging Strike
1-1: Ball
2-1: Foul Ball, location: 2F
2-2: Foul Ball, location: 2F
2-2: Foul Ball, location: 2F
2-2: Fly out, F6 (Popup, 6M)
Batting: RHB Derek Schroeder 0-0: Ball
1-0: Called Strike
1-1: SINGLE (Line Drive, 7LS)
Batting: RHB César Garza 0-0: Ball
1-0: Ball
2-0: Called Strike
2-1: Foul Ball, location: 2F
2-2: Foul Ball, location: 2F
2-2: SINGLE (Groundball, 56D)
Derek Schroeder to second
Derek Schroeder to third
Batting: LHB Bellchyor Lebrim 0-0: Ball
1-0: Foul Ball, location: 2F
1-1: Swinging Strike
1-2: Strikes out looking
Batting: LHB Anthony Trigg 0-0: Fly out, F7 (Flyball, 7D)
Top of the 1st over - 0 run(s), 2 hit(s), 0 error(s), 2 left on base; Balboa 0 - Milton 0
BOTTOM OF THE 1ST
Milton Bills batting - Pitching for Balboa Buccaneers : LHP Albert García
Pitching: LHP Albert García
Batting: LHB David Hunt 0-0: Foul Ball, location: 2F
0-1: Ball
1-1: Swinging Strike
1-2: Ball
2-2: Fly out, F8 (Flyball, 8LM)
Batting: RHB Steve McLeod 0-0: Called Strike
0-1: SINGLE (Groundball, 4M)
Batting: RHB Alden Wiley 0-0: Called Strike
Steve McLeod steals 2nd base
0-1: Ball
1-1: Ball
2-1: DOUBLE (Flyball, 7D)
Steve McLeod scores
Batting: LHB Edwin Church 0-0: Foul Ball, location: 2F
0-1: Swinging Strike
0-2: Foul Ball, location: 2F
0-2: Hit by Pitch
Batting: SHB Al Anderson 0-0: Ball
1-0: Ball
2-0: Swinging Strike
2-1: Foul Ball, location: 2F
2-2: Foul Ball, location: 2F
2-2: DOUBLE (Line Drive, 9LD)
Alden Wiley scores
Edwin Church to third
Batting: RHB Dave Henderson 0-0: Called Strike
0-1: Ball
1-1: Ball
2-1: Ball
3-1: Base on Balls
Batting: LHB Maxwell Ings 0-0: DOUBLE (Line Drive, 5D)
Edwin Church scores
Al Anderson scores
Dave Henderson to third
Batting: LHB Johnny Hernández 0-0: Ball
1-0: Foul Ball, location: 2F
1-1: SINGLE (Line Drive, 4M)
Dave Henderson scores
Maxwell Ings to third
Pitching: RHP Dan Pope
Batting: RHB Orlando Trevino 0-0: Swinging Strike
0-1: Swinging Strike
0-2: Strikes out swinging
Batting: LHB David Hunt 0-0: Called Strike
0-1: Ball
1-1: Ball
2-1: DOUBLE (Flyball, 8LD)
Maxwell Ings scores
Johnny Hernández to third
Runner from 3rd tries for Home, SAFE, no throw or cutoff
Batting: RHB Steve McLeod 0-0: Called Strike
0-1: Called Strike
0-2: Foul Ball, location: 2F
0-2: Foul Ball, location: 2F
0-2: Ground out 5-3 (Groundball, 56S)
Bottom of the 1st over - 7 run(s), 6 hit(s), 0 error(s), 1 left on base; Balboa 0 - Milton 7
TOP OF THE 2ND
Balboa Buccaneers batting - Pitching for Milton Bills : RHP Paul O'Callahan
Batting: LHB Jafar Taha 0-0: Fly out, F4 (Popup, 4MD)
Batting: SHB Theodore Buck 0-0: Ground out U3 (Groundball, 3)
Batting: RHB Louie McNeil 0-0: Ball
1-0: SINGLE (Groundball, 15S) (infield hit)
Batting: SHB Chris Cordell 0-0: Called Strike
0-1: Ball
1-1: Foul Ball, location: 2F
1-2: SINGLE (Line Drive, 4M)
Louie McNeil to second
Batting: RHB Leonard James 0-0: SINGLE (Line Drive, 9LS)
Louie McNeil to third
Chris Cordell to second
Batting: RHB Derek Schroeder 0-0: Called Strike
0-1: Ball
1-1: Fly out, F8 (Flyball, 78M)
Top of the 2nd over - 0 run(s), 3 hit(s), 0 error(s), 3 left on base; Balboa 0 - Milton 7
BOTTOM OF THE 2ND
Milton Bills batting - Pitching for Balboa Buccaneers : RHP Dan Pope
Batting: RHB Alden Wiley 0-0: Called Strike
0-1: Ball
1-1: Ground out 5-3 (Groundball, 5S)
Batting: LHB Edwin Church 0-0: Ball
1-0: Ball
2-0: Ball
3-0: Called Strike
3-1: Foul Ball, location: 2F
3-2: Foul Ball, location: 2F
3-2: Foul Ball, location: 2F
3-2: Base on Balls
Batting: SHB Al Anderson 0-0: Ball
1-0: Foul Ball, location: 2F
1-1: Ball
Wild Pitch!
Edwin Church to second
2-1: Fly out, F8 (Flyball, 8RM)
Batting: RHB Dave Henderson 0-0: Called Strike
0-1: Ball
1-1: Fly out, F3 (Popup, 23F)
Bottom of the 2nd over - 0 run(s), 0 hit(s), 0 error(s), 1 left on base; Balboa 0 - Milton 7
TOP OF THE 3RD
Balboa Buccaneers batting - Pitching for Milton Bills : RHP Paul O'Callahan
Batting: RHB César Garza 0-0: Called Strike
0-1: Ball
1-1: Foul Ball, location: 2F
1-2: Strikes out swinging
Batting: LHB Bellchyor Lebrim 0-0: Called Strike
0-1: Ball
1-1: Swinging Strike
1-2: Ball
2-2: Strikes out swinging
Batting: LHB Anthony Trigg 0-0: Called Strike
Reached via error on a dropped throw, E3
Batting: LHB Jafar Taha 0-0: Ball
1-0: Fly out, F5 (Popup, 13S)
Top of the 3rd over - 0 run(s), 0 hit(s), 1 error(s), 1 left on base; Balboa 0 - Milton 7
BOTTOM OF THE 3RD
Milton Bills batting - Pitching for Balboa Buccaneers : RHP Dan Pope
Batting: LHB Maxwell Ings 0-0: SINGLE (Line Drive, 9S)
Batting: LHB Johnny Hernández 0-0: Foul Ball, location: 2F
0-1: Foul Ball, location: 2F
0-2: Ball
1-2: Strikes out swinging
Pitching: RHP Jimmy Wilson
Batting: RHB Orlando Trevino 0-0: Swinging Strike
0-1: Foul Ball, location: 2F
0-2: DOUBLE (Line Drive, 78M)
Maxwell Ings to third
Batting: LHB David Hunt 0-0: Swinging Strike
0-1: Ball
1-1: Foul Ball, location: 2F
1-2: Ground out 6-3 (Groundball, 6M)
Maxwell Ings scores
Orlando Trevino to third
Batting: RHB Steve McLeod 0-0: Called Strike
0-1: Foul Ball, location: 2F
0-2: Strikes out swinging
Bottom of the 3rd over - 1 run(s), 2 hit(s), 0 error(s), 1 left on base; Balboa 0 - Milton 8
TOP OF THE 4TH
Balboa Buccaneers batting - Pitching for Milton Bills : RHP Paul O'Callahan
Batting: SHB Theodore Buck 0-0: Ball
1-0: Ball
2-0: Ball
3-0: Called Strike
3-1: Foul Ball, location: 2F
3-2: Base on Balls
Batting: RHB Louie McNeil 0-0: Ball
1-0: Called Strike
1-1: Swinging Strike
1-2: Foul Ball, location: 2F
1-2: Ball
2-2: Foul Ball, location: 2F
2-2: Ball
3-2: Base on Balls
Theodore Buck to second
Batting: SHB Chris Cordell 0-0: Called Strike
0-1: Called Strike
0-2: Strikes out swinging
Batting: RHB Leonard James 0-0: Called Strike
0-1: Called Strike
0-2: Strikes out swinging
Batting: RHB Derek Schroeder 0-0: Foul Ball, location: 2F
0-1: Called Strike
0-2: Strikes out looking
Top of the 4th over - 0 run(s), 0 hit(s), 0 error(s), 2 left on base; Balboa 0 - Milton 8
BOTTOM OF THE 4TH
Milton Bills batting - Pitching for Balboa Buccaneers : RHP Jimmy Wilson
Batting: RHB Alden Wiley 0-0: Foul Ball, location: 2F
0-1: Called Strike
0-2: Foul Ball, location: 2F
0-2: Foul Ball, location: 2F
0-2: Foul Ball, location: 2F
0-2: Foul Ball, location: 2F
0-2: Ball
1-2: SOLO HOME RUN (Flyball, 7D), Distance : 393 ft
Batting: LHB Edwin Church 0-0: Ball
1-0: Ball
2-0: Ball
3-0: Called Strike
3-1: Ground out 3-1 (Groundball, 34)
Batting: SHB Al Anderson 0-0: Ball
1-0: SINGLE (Flyball, 8LS)
Batting: RHB Dave Henderson 0-0: Swinging Strike
0-1: Hit by Pitch
Al Anderson to second
Batting: LHB Maxwell Ings 0-0: Called Strike
0-1: Swinging Strike
0-2: Strikes out swinging
Batting: LHB Johnny Hernández 0-0: Ball
1-0: Foul Ball, location: 2F
1-1: Foul Ball, location: 2F
1-2: Hit by Pitch
Al Anderson to third
Dave Henderson to second
Batting: RHB Orlando Trevino 0-0: Called Strike
0-1: Ball
1-1: Swinging Strike
1-2: Foul Ball, location: 2F
1-2: Foul Ball, location: 2F
1-2: TRIPLE (Line Drive, 8LXD)
Al Anderson scores
Dave Henderson scores
Johnny Hernández scores
Pitching: RHP Gunner Hanna
Batting: LHB David Hunt 0-0: Ball
1-0: Fly out, F7 (Flyball, 7LDF)
Bottom of the 4th over - 4 run(s), 3 hit(s), 0 error(s), 1 left on base; Balboa 0 - Milton 12
TOP OF THE 5TH
Balboa Buccaneers batting - Pitching for Milton Bills : RHP Paul O'Callahan
Batting: RHB César Garza 0-0: Fly out, F8 (Flyball, 8LD)
Batting: LHB Bellchyor Lebrim 0-0: Ball
1-0: Ball
2-0: Ball
3-0: Base on Balls
Batting: LHB Anthony Trigg 0-0: Called Strike
0-1: Ball
1-1: Fielders Choice at 2nd, U6 (Groundball, 6M)
Batting: LHB Jafar Taha 0-0: Foul Ball, location: 2F
0-1: Called Strike
0-2: Strikes out looking
Top of the 5th over - 0 run(s), 0 hit(s), 0 error(s), 1 left on base; Balboa 0 - Milton 12
BOTTOM OF THE 5TH
Milton Bills batting - Pitching for Balboa Buccaneers : RHP Gunner Hanna
Batting: RHB Steve McLeod 0-0: Ball
1-0: Swinging Strike
1-1: Foul Ball, location: 2F
1-2: Foul Ball, location: 2F
1-2: Ball
2-2: Ball
3-2: Foul Ball, location: 2F
3-2: Foul Ball, location: 2F
3-2: Foul Ball, location: 2F
3-2: Foul Ball, location: 2F
3-2: Hit by Pitch
Batting: RHB Alden Wiley 0-0: Ball
1-0: Fly out, F5 (Popup, 5)
Batting: LHB Edwin Church 0-0: Ball
Steve McLeod steals 2nd base
1-0: Ball
2-0: Ball
3-0: Base on Balls
Batting: SHB Al Anderson 0-0: Ball
1-0: Ball
2-0: Ball
Steve McLeod steals 3rd base
3-0: Base on Balls
Edwin Church to second
Pitching: RHP Jim Mitford
Batting: RHB Dave Henderson 0-0: Swinging Strike
0-1: Ball
1-1: Fly out, F6 (Popup, 56D)
Batting: LHB Maxwell Ings 0-0: Ball
1-0: Ground out 1-3 (Groundball, 3S)
Bottom of the 5th over - 0 run(s), 0 hit(s), 0 error(s), 3 left on base; Balboa 0 - Milton 12
TOP OF THE 6TH
Balboa Buccaneers batting - Pitching for Milton Bills : RHP Paul O'Callahan
Batting: SHB Theodore Buck 0-0: Ball
1-0: Ball
2-0: Ball
3-0: Foul Ball, location: 2F
3-1: SINGLE (Line Drive, 6M)
Batting: RHB Louie McNeil 0-0: Called Strike
0-1: Ball
1-1: Foul Ball, location: 2F
1-2: Foul Ball, location: 2F
1-2: Strikes out swinging
Batting: SHB Chris Cordell 0-0: Ball
1-0: Foul Ball, location: 2F
1-1: Swinging Strike
1-2: Ball
2-2: Strikes out swinging
Theodore Buck steals 2nd base
Batter strikes out.
Batting: RHB Leonard James 0-0: Ball
1-0: Foul Ball, location: 2F
1-1: Ball
2-1: Foul Ball, location: 2F
2-2: Foul Ball, location: 2F
2-2: Ground out 5-3 (Groundball, 5)
Top of the 6th over - 0 run(s), 1 hit(s), 0 error(s), 1 left on base; Balboa 0 - Milton 12
BOTTOM OF THE 6TH
Milton Bills batting - Pitching for Balboa Buccaneers : RHP Jim Mitford
Batting: LHB Johnny Hernández 0-0: Ball
1-0: Ball
2-0: Foul Ball, location: 2F
2-1: Ball
3-1: Called Strike
3-2: Foul Ball, location: 2F
3-2: SINGLE (Groundball, 5D)
Batting: RHB Orlando Trevino 0-0: Fly out, F7 (Flyball, 78M)
Batting: LHB David Hunt 0-0: Foul Ball, location: 2F
0-1: Ball
1-1: Ball
2-1: Foul Ball, location: 2F
2-2: Ball
3-2: Base on Balls
Johnny Hernández to second
Pitching: RHP Rubén Rodríguez
Batting: RHB Steve McLeod 0-0: Fielders Choice at 2nd, 6-4 (Groundball, 6)
Johnny Hernández to third
Batting: RHB Alden Wiley 0-0: Ball
1-0: Called Strike
1-1: Foul Ball, location: 2F
1-2: Fly out, F7 (Flyball, 7M)
Bottom of the 6th over - 0 run(s), 1 hit(s), 0 error(s), 2 left on base; Balboa 0 - Milton 12
TOP OF THE 7TH
Balboa Buccaneers batting - Pitching for Milton Bills : RHP Paul O'Callahan
Now at 1B: Luis Silva
Batting: RHB Derek Schroeder 0-0: Called Strike
0-1: Ball
1-1: Ball
2-1: Foul Ball, location: 2F
2-2: Ground out 1-3 (Groundball, 13S)
Batting: RHB César Garza 0-0: Ball
1-0: SINGLE (Groundball, 34D) (infield hit)
Batting: LHB Bellchyor Lebrim 0-0: Ball
1-0: Fly out, F8 (Flyball, 8RD)
Batting: LHB Anthony Trigg 0-0: Ball
1-0: Foul Ball, location: 2F
1-1: Ball
2-1: Ball
3-1: Foul Ball, location: 2F
3-2: Fly out, F7 (Flyball, 7M)
Top of the 7th over - 0 run(s), 1 hit(s), 0 error(s), 1 left on base; Balboa 0 - Milton 12
BOTTOM OF THE 7TH
Milton Bills batting - Pitching for Balboa Buccaneers : RHP Rubén Rodríguez
Batting: LHB Edwin Church 0-0: Foul Ball, location: 2F
0-1: Ball
1-1: Ball
2-1: Called Strike
2-2: Foul Ball, location: 2F
2-2: Foul Ball, location: 2F
2-2: Foul Ball, location: 2F
2-2: Ground out 4-3 (Groundball, 4M)
Batting: SHB Al Anderson 0-0: Ball
1-0: Called Strike
1-1: Ball
2-1: Ground out 1-3 (Groundball, 25)
Batting: RHB Dave Henderson 0-0: Called Strike
0-1: Foul Ball, location: 2F
0-2: Ball
1-2: Strikes out swinging
Bottom of the 7th over - 0 run(s), 0 hit(s), 0 error(s), 0 left on base; Balboa 0 - Milton 12
TOP OF THE 8TH
Balboa Buccaneers batting - Pitching for Milton Bills : RHP Paul O'Callahan
Pitching: RHP José Cortés
Batting: LHB Jafar Taha 0-0: Ball
1-0: SINGLE (Groundball, 34)
Batting: SHB Theodore Buck 0-0: Fielders Choice at 2nd, 5-4 (Groundball, 5L)
Batting: RHB Louie McNeil 0-0: Called Strike
0-1: Ball
1-1: Called Strike
1-2: Foul Ball, location: 2F
1-2: Foul Ball, location: 2F
1-2: Strikes out swinging
Batting: SHB Chris Cordell 0-0: Called Strike
0-1: Foul Ball, location: 2F
0-2: Ball
1-2: Ground out U3 (Groundball, 3)
Top of the 8th over - 0 run(s), 1 hit(s), 0 error(s), 1 left on base; Balboa 0 - Milton 12
BOTTOM OF THE 8TH
Milton Bills batting - Pitching for Balboa Buccaneers : RHP Rubén Rodríguez
Batting: LHB Maxwell Ings 0-0: Ball
1-0: Ball
2-0: Called Strike
2-1: Called Strike
2-2: Strikes out swinging
Batting: LHB Johnny Hernández 0-0: Called Strike
0-1: Foul Ball, location: 2F
0-2: Strikes out swinging
Batting: RHB Orlando Trevino 0-0: SINGLE (Groundball, 4MD)
Batting: RHB Luis Silva 0-0: Ball
1-0: Foul Ball, location: 2F
1-1: Called Strike
1-2: Ball
2-2: Ball
3-2: Ground out 5-3 (Groundball, 56)
Bottom of the 8th over - 0 run(s), 1 hit(s), 0 error(s), 1 left on base; Balboa 0 - Milton 12
TOP OF THE 9TH
Balboa Buccaneers batting - Pitching for Milton Bills : RHP José Cortés
Pinch Hitting: LHB Dudley Duncan 0-0: Ball
1-0: Foul Ball, location: 2F
1-1: Fly out, F7 (Flyball, 78D)
Batting: RHB Derek Schroeder 0-0: Fly out, F9 (Flyball, 9D)
Pinch Hitting: RHB Bill Manning 0-0: Swinging Strike
0-1: Ball
1-1: Ball
2-1: Called Strike
2-2: Ball
3-2: Base on Balls
Batting: LHB Bellchyor Lebrim 0-0: Ball
1-0: Ball
2-0: Fielders Choice at 2nd, 6-4 (Groundball, 6)
Top of the 9th over - 0 run(s), 0 hit(s), 0 error(s), 0 left on base; Balboa 0 - Milton 12
This league is powered by Out of the Park Baseball, the baseball management simulation game for PC, Mac and Linux
Monday, May 4th, 2015 - OOTP Baseball 15.6 Build 34